 Dungeon Crawl Stone Soup version 0.25-a0-576-g50b708a (webtiles) character file.

Game seed: 11758009701113551174, levelgen mode: deterministic

21 15 the Skirmisher (level 3, 28/30 HPs)
             Began as a Formicid Abyssal Knight on Mar 1, 2020.
             Was a Follower of Lugonu.
             Quit the game on level 2 of the Dungeon.
             The game lasted 00:03:47 (1461 turns).

15 the Skirmisher (Formicid Abyssal Knight)         Turns: 1461, Time: 00:03:47

Health: 28/30      AC:  4    Str: 16    XL:     3   Next: 2%
Magic:  4/4        EV: 11    Int: 14    God:    Lugonu [*.....]
Gold:   44         SH:  0    Dex:  8    Spells: 3/3 levels left

rFire    . . .     SeeInvis +   a - +1 hand axe
rCold    . . .     Gourm    .   (no shield)
rNeg     . . .     Faith    .   b - +0 leather armour
rPois    .         Spirit   .   (helmet unavailable)
rElec    .         Reflect  .   h - +0 cloak
rCorr    .         Harm     .   (no gloves)
MR       .....                  (no boots)
Stlth    +.........             (no amulet)
HPRegen  0.10/turn              (no ring)
MPRegen  0.09/turn              (no ring)

@: no status effects
A: permanent stasis, dig shafts and tunnels, four strong arms, antennae 3,
clever 1, clumsy 1
a: Dig, Shaft Self, Depart the Abyss, Renounce Religion


You were on level 2 of the Dungeon.
You worshipped Lugonu.
Lugonu was aware of your devotion.
You were not hungry.

You visited 1 branch of the dungeon, and saw 2 of its levels.
You visited the Abyss 1 time.

You collected 44 gold pieces.

Inventory:

Hand Weapons
 a - a +1 hand axe (weapon)
 f - a +0 spear
Armour
 b - a +0 leather armour (worn)
 h - a +0 cloak (worn)
Jewellery
 e - an uncursed ring of ice
Scrolls
 d - 2 scrolls of identify
 i - a scroll of amnesia {unknown}
 l - 2 scrolls of immolation {unknown}
Potions
 j - a potion of brilliance
Comestibles
 c - 5 rations


   Skills:
 + Level 3.7 Fighting
 + Level 2.2 Axes
 + Level 2.3 Armour
 + Level 0.9 Dodging
 * Level 0.5 Spellcasting
 * Level 2.5 Invocations


You had 3 spell levels left.
You didn't know any spells.
Your spell library was empty.

Dungeon Overview and Level Annotations

Branches:
Dungeon (2/15)

Altars:


Innate Abilities, Weirdness & Mutations

You cannot be hasted, slowed, berserked, paralysed or teleported.
You can dig through walls and to a lower floor.
Your four strong arms can wield two-handed weapons with a shield.
You have a pair of large antennae on your head. (SInv)
Your mind is acute. (Int +2)
You are clumsy. (Dex -2)


Message History

You drop a potion of degeneration.
A frilled lizard comes into view.
The frilled lizard hisses angrily.
The frilled lizard bites you but does no damage.
You barely miss the frilled lizard. The frilled lizard barely misses you.
The frilled lizard bites you.
You hit the frilled lizard.
You kill the frilled lizard!
Lugonu accepts your kill.
Found a stone staircase leading down.
k - 2 potions of mutation (gained 1) Really quaff the potion of mutation?
You feel extremely strange.
You feel the urge to shout.
You feel less energetic.
You feel genetically stable.
Really quaff the potion of mutation?
You feel extremely strange.
You feel more energetic.
Your urge to shout disappears.
You feel genetically unstable.
You feel clumsy.
You feel clever.
Are you sure you want to abandon this character and quit the game? (Confirm with "yes".)

#.....# #.....#
#......#. #.....#
#........ #.....#
#....... #...).#
#.....# #.....#
#######.....#
##.....#
............#
.......#
............##>
.......#
.......@.......
.......#
..........#####
.......# ..........#
....####
..........##### ....#
............... ....#
...........####
)รท..# ...........#
....#############.#.#
.............!....#.#


There were no monsters in sight!

Vanquished Creatures
  A dart slug (D:1)
  2 bats
  A hobgoblin (D:1)
  A kobold (D:1)
  2 ball pythons (D:1)
  3 frilled lizards
  5 goblins
  6 rats
21 creatures vanquished.

Notes
Turn   | Place    | Note
-------+----------+-------------------------------------------
     0 | Abyss:1  | 15 the Formicid Abyssal Knight began the quest for the Orb.
     0 | Abyss:1  | Reached XP level 1. HP: 18/18 MP: 2/2
    66 | Abyss:1  | Noticed a smoke demon
   446 | Abyss:1  | Noticed a chaos spawn
   449 | D:1      | Escaped the Abyss
   718 | D:1      | Reached XP level 2. HP: 15/24 MP: 3/3
  1099 | D:1      | Reached * piety under Lugonu
  1418 | D:2      | Reached XP level 3. HP: 30/30 MP: 4/4
  1459 | D:2      | Gained mutation: You occasionally shout uncontrollably at
                  | your foes. [potion of mutation]
  1459 | D:2      | Gained mutation: Your magical capacity is low. (-10% MP)
                  | [potion of mutation]
  1459 | D:2      | Gained mutation: You are somewhat resistant to further
                  | mutation. [potion of mutation]
  1460 | D:2      | Lost mutation: Your magical capacity is low. (-10% MP)
                  | [potion of mutation]
  1460 | D:2      | Lost mutation: You occasionally shout uncontrollably at
                  | your foes. [potion of mutation]
  1460 | D:2      | Lost mutation: You are somewhat resistant to further
                  | mutation. [potion of mutation]
  1460 | D:2      | Gained mutation: You are clumsy. (Dex -2) [potion of
                  | mutation]
  1460 | D:2      | Gained mutation: Your mind is acute. (Int +2) [potion of
                  | mutation]
  1461 | D:2      | Quit the game

Levels and vault maps discovered:
D:1:      co_arrival_hexagon_in_a_hexagon, layout_basic,
          minmay_shallow_snake_nest
D:2:      layout_basic, first_ration, uniq_sigmund

Action                   || total
-------------------------++-------
Melee: Hand axe          ||    65
Invok: Depart the Abyss  ||     1
  Use: Scroll            ||     3
       Potion            ||     2
  Eat: Chunk             ||     2
Armor: Leather armour    ||    30
Dodge: Dodged            ||    43

Table legend:
 A = Non-vault XP
 B = Vault XP
 C = Vault XP percentage of total XP
 D = Non-vault monster count
 E = Vault monster count
 F = Vault count percentage of total count
                 A         B        C        D         E       F
            +---------+---------+-------+---------+---------+-------
      Total |      28 |       2 |   6.7 |      19 |       2 |   9.5
            +---------+---------+-------+---------+---------+-------
        D:1 |      21 |       2 |   8.7 |      13 |       2 |  13.3
        D:2 |       7 |       0 |   0.0 |       6 |       0 |   0.0
            +---------+---------+-------+---------+---------+-------
